 Dungeon Crawl Stone Soup version 0.30-a0-639-g3916f1956a (webtiles) character file.

Game seed: 7164508833752737674

1726159 Lobster4 the Merry Minotaur (level 27, 245/245 HPs)
             Began as a Minotaur Hunter on Jan 16, 2023.
             Was the Champion of Hepliaklqana.
             Escaped with the Orb
             ... and 3 runes on Jan 17, 2023!
             The game lasted 02:56:49 (68480 turns).

Lobster4 the Merry Minotaur (Minotaur Hunter)      Turns: 68480, Time: 02:56:50

Health: 245/245    AC: 32    Str: 23    XL:     27
Magic:  38/38      EV: 36    Int:  6    God:    Hepliaklqana [******]
Gold:   7801       SH:  5    Dex: 35    Spells: 30/30 levels left

rFire   + + .      SeeInvis +    a - +9 longbow (heavy)
rCold   + + +      Faith    .    (shield currently unavailable)
rNeg    + . .      Spirit   .    D - +2 fire dragon scales
rPois   +          Reflect  +    g - +3 hat of Tenacity {rElec Str-2 SInv}
rElec   +          Harm     .    c - +2 cloak {rPois}
rCorr   .          Rampage  .    J - +2 pair of gloves of Ignis's Delight {Fly rC++}
Will    +++..                    j - +3 pair of boots of Kuuroler {rF- rC++ Str+8 Dex+2}
Stlth   +                        z - amulet of reflection
HPRegen 0.60/turn                s - ring "Cufi" {rElec rF+ rN+ Will+}
MPRegen 0.26/turn                I - +6 ring of dexterity

@: flying
A: reduced essence, horns 2, retaliatory headbutt, deformed body
0: Orb of Zot
}: 3/15 runes: barnacled, silver, gossamer
a: Renounce Religion, Recall Ancestor, Ancestor Identity, Transference, Idealise


You escaped.
You worshipped Hepliaklqana.
Hepliaklqana was exalted by your worship.
You visited 12 branches of the dungeon, and saw 52 of its levels.
You visited 3 bazaars.
You also visited: Trove, Bailey and Gauntlet.

You collected 10180 gold pieces.
You spent 2379 gold pieces at shops.

Inventory:

Hand Weapons
 a - a +9 heavy longbow (weapon)
Armour
 c - a +2 cloak of poison resistance (worn)
 g - the +3 hat of Tenacity (worn) {rElec Str-2 SInv}
   (You acquired it on level 3 of the Elven Halls)

   Str:       It affects your strength (-2).
   rElec:     It insulates you from electricity.
   SInv:      It lets you see invisible.
 j - the +3 pair of boots of Kuuroler (worn) {rF- rC++ Str+8 Dex+2}
   (You found it on level 4 of the Spider Nest)

   Str:       It affects your strength (+8).
   Dex:       It affects your dexterity (+2).
   rF:        It makes you vulnerable to fire.
   rC:        It greatly protects you from cold.
 D - +2 fire dragon scales (worn)
 J - the +2 pair of gloves of Ignis's Delight (worn) {Fly rC++}
   (You found it on level 3 of the Elven Halls)

   rC:        It greatly protects you from cold.
   Fly:       It grants you flight.
 Q - +9 gold dragon scales
Jewellery
 e - a ring of resist corrosion
 m - a ring of flight
 s - the ring "Cufi" (left hand) {rElec rF+ rN+ Will+}
   (You found it on level 8 of the Dungeon)

   [ring of positive energy]

   rF:        It protects you from fire.
   rElec:     It insulates you from electricity.
   rN:        It protects you from negative energy.
   Will:      It increases your willpower.
 u - the amulet of Sotihom {Regen+ rCorr}
   (You found it on level 3 of the Crypt)

   [amulet of regeneration]

   Regen:     It increases your rate of health regeneration.
   rCorr:     It protects you from acid and corrosion.
 v - the ring "Heedaxku" {rF+ Int+6 SInv}
   (You found it on level 1 of the Vaults)

   [ring of intelligence]

   Int:       It affects your intelligence (+6).
   rF:        It protects you from fire.
   SInv:      It lets you see invisible.
 y - a ring of willpower
 z - an amulet of reflection (around neck)
 H - the ring "Roqo" {rN+ Stlth+}
   (You found it on level 3 of the Crypt)

   [ring of positive energy]

   rN:        It protects you from negative energy.
   Stlth:     It makes you more stealthy.
 I - a +6 ring of dexterity (right hand)
 O - the ring "Hufygay" {rElec rPois Str-5 Int+4}
   (You bought it in a shop in a bazaar)

   [ring of poison resistance]

   Str:       It affects your strength (-5).
   Int:       It affects your intelligence (+4).
   rElec:     It insulates you from electricity.
   rPois:     It protects you from poison.
Wands
 n - a wand of iceblast (54)
 L - a wand of acid (22)
 R - a wand of mindburst (24)
 T - a wand of digging (13)
Scrolls
 b - 10 scrolls of immolation
 d - 4 scrolls of blinking
 l - 5 scrolls of poison
 o - 6 scrolls of brand weapon
 r - 13 scrolls of teleportation
 t - 9 scrolls of magic mapping
 w - 10 scrolls of fear
 x - 5 scrolls of fog
 K - 5 scrolls of silence
 M - 4 scrolls of summoning
Potions
 f - 15 potions of heal wounds
 h - 5 potions of might
 k - 17 potions of curing
 p - 2 potions of berserk rage
 A - 6 potions of ambrosia
 B - 5 potions of haste
 E - 8 potions of lignification
 F - 9 potions of flight
 N - 3 potions of resistance
 P - 6 potions of invisibility
 V - a potion of cancellation
Miscellaneous
 i - a condenser vane
 q - a lightning rod (4/4)
 C - a box of beasts
 W - a phantom mirror
 X - a phial of floods


   Skills:
 O Level 27 Fighting
 - Level 1.0(1.9) Short Blades
 - Level 2.8(3.0) Long Blades
 O Level 27 Ranged Weapons
 O Level 27 Armour
 + Level 22.5 Dodging
 - Level 1.0 Stealth
 - Level 2.0 Spellcasting
 + Level 25.5 Invocations
 - Level 3.0 Evocations


You had 30 spell levels left.
You didn't know any spells.
Your spell library contained the following spells:

 Spells                   Type           Power      Damage    Failure   Level
 Apportation              Tloc           0%         N/A       54%         1
 Magic Dart               Conj           0%         1d3       54%         1
 Necrotise                Necr           0%         1d4       54%         1
 Summon Small Mammal      Summ           0%         N/A       54%         1
 Blink                    Tloc           0%         N/A       69%         2
 Call Imp                 Summ           0%         N/A       69%         2
 Ensorcelled Hibernation  Hex/Ice        0%         N/A       69%         2
 Lesser Beckoning         Tloc           0%         N/A       69%         2
 Momentum Strike          Conj/Tloc      0%         3d8       69%         2
 Call Canine Familiar     Summ           0%         N/A       89%         3
 Dazzling Flash           Conj/Hex       0%         N/A       89%         3
 Gell's Gravitas          Tloc           0%         N/A       89%         3
 Hailstorm                Conj/Ice       0%         3d3       89%         3
 Ignite Poison            Fire/Tmut/Pois 0%         N/A       89%         3
 Inner Flame              Hex/Fire       0%         N/A       89%         3
 Kindle Blastsparks       Fire/Tloc/Air  0%         2d10      89%         3
 Mephitic Cloud           Conj/Pois/Air  0%         N/A       89%         3
 Portal Projectile        Hex/Tloc       0%         N/A       89%         3
 Spider Form              Tmut/Pois      0%         N/A       89%         3
 Teleport Other           Tloc           0%         N/A       89%         3
 Tukima's Dance           Hex            0%         N/A       89%         3
 Anguish                  Hex/Necr       0%         N/A       100%        4
 Animate Armour           Summ/Erth      0%         N/A       100%        4
 Cause Fear               Hex            0%         N/A       100%        4
 Ice Form                 Ice/Tmut       0%         N/A       100%        4
 Iskenderun's Mystic Bla  Conj/Tloc      0%         2d3       100%        4
 Leda's Liquefaction      Hex/Erth       0%         N/A       100%        4
 Manifold Assault         Tloc           0%         N/A       100%        4
 Passage of Golubria      Tloc           0%         N/A       100%        4
 Sticky Flame             Conj/Fire      0%         2d3       100%        4
 Alistair's Intoxication  Tmut/Pois      0%         N/A       100%        5
 Blade Hands              Tmut           0%         N/A       100%        5
 Borgnjor's Vile Clutch   Necr/Erth      0%         N/A       100%        5
 Fireball                 Conj/Fire      0%         3d3       100%        5
 Freezing Cloud           Conj/Ice/Air   0%         6-21      100%        5
 Iskenderun's Battlesphe  Conj           0%         2d6       100%        5
 Summon Mana Viper        Hex/Summ       0%         N/A       100%        5
 Yara's Violent Unravell  Hex/Tmut       0%         3d3       100%        5
 Conjure Ball Lightning   Conj/Air       0%         3x3d6     100%        6
 Dispersal                Tloc           0%         N/A       100%        6
 Eringya's Noxious Bog    Tmut/Pois      0%         N/A       100%        6
 Simulacrum               Ice/Necr       0%         N/A       100%        6
 Starburst                Conj/Fire      0%         6d3       100%        6
 Statue Form              Tmut/Erth      0%         N/A       100%        6
 Dragon Form              Tmut           0%         N/A       100%        7
 Enfeeble                 Hex            0%         N/A       100%        7
 Haunt                    Necr/Summ      0%         N/A       100%        7
 Orb of Destruction       Conj           0%         9d5       100%        7
 Ozocubu's Refrigeration  Ice            0%         4d7       100%        7
 Storm Form               Tmut/Air       0%         N/A       100%        7
 Discord                  Hex            0%         N/A       100%        8
 Disjunction              Tloc           0%         N/A       100%        8
 Ignition                 Fire           0%         3d3       100%        8
 Dragon's Call            Summ           0%         N/A       100%        9


Dungeon Overview and Level Annotations

Branches:
Dungeon (15/15)            Temple (1/1) D:4            Lair (5/5) D:11
 Shoals (4/4) Lair:3       Spider (4/4) Lair:2        Slime (0/5) Lair:4
    Orc (2/2) D:11            Elf (3/3) Orc:2        Vaults (5/5) D:14
  Crypt (3/3) Vaults:3       Tomb (1/3) Crypt:3      Depths (4/4) D:15
    Zot (5/5) Depths:4     Bailey (visited)         Gauntlet (visited)

Altars:
Ashenzari
Cheibriados
Dithmenos
Elyvilon
Fedhas
Gozag
Hepliaklqana
Kikubaaqudgha
Makhleb
Nemelex Xobeh
Okawaru
Qazlal
Ru
Sif Muna
Trog
Uskayaw
Vehumet
Wu Jian
Xom
Yredelemnul
Zin
The Shining One
Jiyva

Shops:
Orc:2 **[(   Elf:1 [   Elf:3 !   Shoals:2 ([=   Shoals:3 !   Vaults:1 ![*
Vaults:2 (   Vaults:5 =!

Portals:
Hell: Depths:1 Depths:2 Depths:3 Depths:4
Abyss: Depths:3
Pandemonium: Depths:1 Depths:2 Depths:4
Ziggurat: Depths:4

Annotations:
D:12 5 runed translucent doors
Lair:5 exclusion: obsidian statue
Spider:4 Mara
Elf:1 1 runed translucent door
Depths:1 1 runed translucent door
Zot:3 2 transporters, exclusion: orange crystal statue
Zot:5 2 runed translucent doors, 1 exclusion, jejorda2's ghost, legendary MfBe


Innate Abilities, Weirdness & Mutations

Your life essence is reduced to manifest your ancestor. (-10% HP)
You have a pair of horns on your head.
You reflexively headbutt those who attack you in melee.
Armour fits poorly on your strangely shaped body.


Message History

Matia hits the profane servitor with a +0 broad axe of speed!!
The profane servitor hits Matia with a +2 whip.
The profane servitor hits Matia with a +2 whip!
You shoot an arrow. Matia avoids your attack.
The arrow hits the profane servitor!!!
The profane servitor is almost destroyed.
The profane servitor hits Matia but does no damage. x2
Matia closely misses the profane servitor.
Matia hits the profane servitor but does no damage.
You shoot an arrow. Matia avoids your attack.
The arrow hits the profane servitor!
The profane servitor is almost destroyed.
The profane servitor hits Matia with a +2 whip.
The profane servitor hits Matia but does no damage.
Matia closely misses the profane servitor.
Matia blocks the profane servitor's attack.
The profane servitor hits Matia with a +2 whip.
You shoot an arrow. Matia avoids your attack.
The arrow hits the profane servitor.
The profane servitor is almost destroyed.
Matia blocks the profane servitor's attack.
The profane servitor hits Matia but does no damage.
Matia barely misses the profane servitor.
Matia hits the profane servitor with a +0 broad axe of speed!
You shoot an arrow. Matia avoids your attack.
The arrow completely misses the profane servitor.
Matia blocks the profane servitor's attack. x3
The profane servitor hits Matia but does no damage.
Matia completely misses the profane servitor.
You shoot an arrow. Matia avoids your attack.
The arrow hits the profane servitor!!!
You destroy the profane servitor!
You swap places.
You see here a +2 whip.
You see here 5 stones.
Ancestor HP restored.
You see here a +2 spear of flaming.
There is an open gate here.
There is a staircase leading out of the dungeon here.
You have escaped!

############################
##...........................
#....###.####################
#......#.# #.. ###....#.#.#
#.# #......#.#.# #.#
#>##.#.#.#.####### #.#
#.##.#...#.#..@..# #.#
#.##.#####.##..R## #.#
#..#.....#.#.###.# #.#
#........#.#8''R8# #.#
####.......###.### #.#
####..#.....R.# #.#
#..#.#####.### #.#
#..#.#####...##### #.#
#######..#.#.....#.....# #.#


You could see the friendly Matia the knight (reflecting).

Vanquished Creatures
  Tiamat (Zot:5)
  2 orbs of fire (Zot:5)
  3 dread liches (Zot:5)
  5 ancient liches
  A pandemonium lord (Zot:4)
  Mennas (Vaults:4)
  A juggernaut (Depths:4)
  Vv (Crypt:2)
  5 Killer Klowns
  Boris (Vaults:5)
  Bai Suzhen (Elf:3)
  Margery (Vaults:3)
  Saint Roka (Crypt:2)
  2 curse toes
  7 caustic shrikes
  A profane servitor (D:1)
  10 golden dragons
  Jory (Depths:4)
  4 bone dragons
  A doom hound (Depths:4)
  3 electric golems
  A Tzitzimitl (D:7)
  A Brimstone Fiend (D:8)
  Jorgrun (D:15)
  8 tentacled monstrosities
  8 liches
  Grunn (Depths:4)
  2 Hell Sentinels
  Rupert (Lair:5)
  18 Orb Guardians
  2 deep elf blademasters (Elf:3)
  A walking divine tome (Depths:3)
  3 titans (Vaults:5)
  Frances (D:11)
  9 ancient champions
  12 quicksilver dragons
  8 shadow dragons
  11 sphinxes
  8 tengu reavers
  10 death cobs
  9 storm dragons
  6 draconian monks
  A revenant (Tomb:1)
  6 draconian knights
  5 fire giants
  12 vault wardens
  5 deep elf sorcerers
  4 ghost moths
  5 emperor scorpions
  An iron dragon (Depths:3)
  14 frost giants
  4 draconian scorchers
  Aizul (Spider:1)
  3 ghouls
  4 draconian shifters
  A draconian stormcaller (Zot:3)
  3 war gargoyles
  17 very ugly things
  A curse skull (Crypt:1)
  4 deep elf elementalists (Elf:3)
  5 draconian annihilators
  2 spriggan defenders (Depths:3)
  A juggernaut skeleton (Crypt:3)
  2 demonspawn corrupters (D:6)
  9 ironbound thunderhulks
  4 caustic shrike skeletons (Crypt:3)
  5 vampire knights
  19 ironbound preservers
  A broodmother (Spider:3)
  19 stone giants
  2 deep elf demonologists
  10 black draconians
  7 red draconians
  Nessos (Lair:3)
  2 minotaurs
  9 white draconians
  8 deep elf annihilators
  4 green draconians
  8 spark wasps
  11 dire elephants
  25 purple draconians
  2 bennus (Tomb:1)
  A bunyip (shapeshifter) (Elf:3)
  8 yellow draconians
  7 ettins
  3 crystal guardians
  9 fire dragons
  3 entropy weavers
  6 deep elf death magi
  2 merfolk impalers
  A green death (D:3)
  Snorg (D:13)
  2 merfolk javelineers
  7 mummy priests
  A hell beast (Depths:2)
  10 yaktaur captains
  A rakshasa (Depths:2)
  6 jiangshi
  2 deep elf high priests (Elf:3)
  6 peacekeepers
  8 great orbs of eyes
  8 ice dragons
  24 vault guards
  4 spriggan air magi
  3 merfolk avatars
  An alligator snapping turtle (Shoals:4)
  A merfolk aquamancer (Shoals:2)
  5 hydras
  2 spriggan skeletons (Crypt:3)
  A jorogumo (Spider:4)
  2 radroaches
  A two-headed ogre (shapeshifter) (Depths:4)
  29 dancing weapons
  4 ironbound frosthearts
  3 two-headed ogres
  11 boulder beetles
  11 centaur warriors
  2 death knights
  8 satyrs
  3 tengu warriors
  9 death yaks
  7 vampire magi
  15 deep troll earth magi
  8 deep troll shamans
  5 orc high priests
  6 spriggan berserkers
  An emperor scorpion zombie (Crypt:1)
  A soul eater (Gauntlet)
  A sun demon (Depths:4)
  9 deep elf knights
  6 hell knights
  4 iron trolls
  2 sixfirhies (Gauntlet)
  A spriggan (Depths:4)
  29 skeletal warriors
  8 pharaoh ants
  2 titan skeletons (Crypt:3)
  A spectral anaconda (Lair:5)
  5 sea snakes
  4 shadow wraiths
  3 bog bodies (Crypt:1)
  A death drake (shapeshifter) (Vaults:5)
  2 sun moths (Spider:1)
  A quicksilver dragon simulacrum (Depths:1)
  A sea snake (shapeshifter) (Vaults:5)
  9 orb spiders
  5 flayed ghosts
  5 glowing orange brains
  A shadow demon (Depths:4)
  60 deep trolls
  An anaconda skeleton (Crypt:3)
  16 ironbound convokers
  8 lindwurms
  A tengu zombie (Depths:1)
  12 phantasmal warriors
  10 orc knights
  10 deep elf archers
  5 steelbarb worms
  2 bunyip skeletons (Crypt:3)
  A jorogumo zombie (Crypt:1)
  A goliath frog zombie (Crypt:2)
  7 wizards
  15 deep elf zephyrmancers
  An eleionoma zombie (Crypt:2)
  A wolf spider (shapeshifter) (Depths:2)
  26 ugly things
  27 deep elf pyromancers
  8 necromancers
  10 harpies
  18 wolf spiders
  An iron dragon zombie (Crypt:2)
  12 manticores
  20 fauns
  2 cyclopes
  6 orc sorcerers
  An elephant (shapeshifter) (Vaults:5)
  A fire giant skeleton (Crypt:1)
  12 vault sentinels
  A stone giant skeleton (Crypt:3)
  An alligator snapping turtle zombie (Crypt:2)
  8 merfolk sirens
  2 rust devils (Depths:4)
  5 elephants (Lair:5)
  3 black mambas
  A dire elephant zombie (Lair:5)
  2 gargoyles
  3 orange demons
  12 cane toads
  3 water nymphs
  2 torpor snails (Spider:4)
  11 demonic crawlers
  14 moths of wrath
  A smoke demon (Depths:4)
  An unseen horror (shapeshifter) (D:14)
  A hellion (Zot:5)
  7 komodo dragons
  A dire elephant skeleton (Crypt:3)
  37 yaktaurs
  A kobold demonologist (D:13)
  2 rime drakes
  3 efreet
  An ice devil (Depths:4)
  14 guardian mummies
  3 tengu conjurers
  A queen bee (D:15)
  8 swamp worm zombies (Crypt:2)
  4 freezing wraiths
  6 meliai
  2 trolls
  A meliai (shapeshifter) (Vaults:5)
  2 red devils
  2 harpy zombies (Crypt:3)
  2 polar bears
  A hornet (shapeshifter) (D:13)
  4 hornets
  An iron troll skeleton (Crypt:3)
  18 merfolk
  9 wind drakes
  3 tarantellas (shapeshifter)
  A jumping spider zombie (Crypt:2)
  19 tarantellas
  8 blink frogs
  A boulder beetle zombie (Crypt:2)
  4 harpy skeletons (Crypt:3)
  An ettin zombie (Crypt:3)
  A raiju (Gauntlet)
  A great orb of eyes zombie (Crypt:3)
  A meliai zombie (Crypt:2)
  8 snapping turtles
  A slime creature (shapeshifter) (D:14)
  17 culicivoras
  25 slime creatures
  8 flying skulls (Crypt:1)
  23 yaks
  2 air elementals
  A centaur simulacrum (D:12)
  An ettin skeleton (Crypt:2)
  3 wyverns
  A vampire (D:13)
  An ice dragon skeleton (Crypt:3)
  33 jumping spiders
  A fire elemental (Elf:3)
  4 ushabtiu (Tomb:1)
  A ynoxinul (Depths:4)
  12 water elementals
  13 wraiths
  A neqoxec (Depths:2)
  8 vampire mosquitoes
  6 steam dragons
  49 redbacks
  A black mamba skeleton (Crypt:3)
  2 fire bats (Depths:1)
  A chaos spawn (Depths:2)
  4 wargs
  A spectral cane toad (Lair:5)
  A merfolk zombie (Crypt:2)
  A glowing shapeshifter zombie (Depths:1)
  8 water moccasins
  An acid dragon (D:12)
  A cane toad skeleton (Crypt:1)
  A snapping turtle zombie (Crypt:3)
  39 orc warriors
  A sky beast (D:8)
  A black bear (Lair:2)
  A hornet zombie (Crypt:3)
  An ice beast (D:7)
  12 wolves
  11 centaurs
  3 ogres
  A draconian zombie (Crypt:2)
  3 kobold brigands
  4 necrophages
  A draconian skeleton (Crypt:3)
  A scorpion (D:5)
  A gnoll sergeant (D:7)
  5 earth elementals
  14 bullfrogs
  19 wights
  A polar bear zombie (Crypt:3)
  9 killer bees
  A raiju skeleton (Crypt:1)
  4 electric eels
  3 centaur zombies
  5 hounds
  2 jellies
  27 orc priests
  6 iguanas
  18 orc wizards
  A hell rat (Lair:3)
  An ice beast zombie (Crypt:1)
  7 mummies (Tomb:1)
  Robin (D:2)
  6 gnolls
  5 adders
  6 river rats (Lair:3)
  2 shadow imps (Gauntlet)
  A white imp (D:12)
  An ufetubus (D:4)
  A worm (D:5)
  2 dart slugs (D:2)
  71 orcs
  7 ball pythons
  5 bats
  11 endoplasms
  2 giant cockroaches (D:1)
  6 hobgoblins
  11 jackals
  3 quokkas
  A river rat zombie (Crypt:3)
  A dart slug zombie (Crypt:2)
  2 frilled lizards (D:1)
  13 goblins
  16 kobolds
  7 rats
1941 creatures vanquished.

Vanquished Creatures (collateral kills)
  2 dread liches
  Boris (Vaults:3)
  The ghost of experimilk the Ruinous, a veteran DrCj of Vehumet (Zot:3)
  Parghit (Depths:4)
  Xtahua (Vaults:4)
  A curse toe (Zot:2)
  2 caustic shrikes (Depths:4)
  4 golden dragons
  A doom hound (Depths:4)
  4 tentacled monstrosities
  9 Orb Guardians (Zot:5)
  A quicksilver dragon (Zot:2)
  A walking earthen tome (Depths:4)
  A walking divine tome (Depths:2)
  3 death cobs
  A titan (Depths:3)
  An ancient champion (Crypt:3)
  4 sphinxes
  3 storm dragons
  Gastronok (D:10)
  2 shadow dragons
  2 draconian monks (Zot:2)
  3 fire giants (Vaults:5)
  2 emperor scorpions
  2 deep elf sorcerers
  An iron dragon (Vaults:5)
  2 deep elf elementalists (Elf:3)
  3 draconian scorchers
  5 vault wardens
  2 ghost moths
  An orc warlord (Vaults:2)
  8 ironbound preservers
  A ghoul (Crypt:3)
  A broodmother (Spider:4)
  A draconian annihilator (Zot:5)
  2 caustic shrike skeletons (Crypt:3)
  A war gargoyle (Vaults:1)
  A reaper (Crypt:3)
  2 stone giants (Depths:4)
  5 very ugly things
  2 ironbound thunderhulks
  3 vampire knights
  2 green draconians
  A spark wasp (Depths:2)
  2 deep elf demonologists
  A deep elf annihilator (Elf:2)
  7 purple draconians
  3 dire elephants
  2 black draconians
  5 red draconians
  2 yellow draconians
  3 white draconians
  2 deep elf death magi
  2 eidola (Crypt:1)
  A merfolk impaler (Shoals:1)
  An ettin (Vaults:3)
  A jiangshi (Crypt:3)
  3 entropy weavers
  A mummy priest (Tomb:1)
  Josephine (Shoals:1)
  A crystal guardian (Vaults:1)
  7 yaktaur captains
  Erolcha (D:12)
  5 vault guards
  3 ice dragons
  An ironbound frostheart (Vaults:1)
  A hydra (Lair:2)
  An alligator snapping turtle (Shoals:4)
  A rakshasa (Depths:1)
  Erica (D:10)
  4 centaur warriors
  2 death knights
  A catoblepas (D:14)
  A spriggan skeleton (Crypt:3)
  3 boulder beetles
  2 deep troll shamans
  5 death yaks
  2 satyrs
  A two-headed ogre (D:11)
  2 vampire magi
  4 tengu warriors
  4 dancing weapons
  A storm dragon zombie (Crypt:2)
  2 orc high priests (Orc:2)
  A spriggan berserker (Depths:4)
  9 deep elf knights
  7 skeletal warriors
  A titan skeleton (Crypt:3)
  3 pharaoh ants
  A bunyip zombie (Crypt:1)
  5 sea snakes
  3 iron trolls
  5 deep elf archers
  3 wizards
  2 steelbarb worms
  A shadow demon (D:6)
  2 flayed ghosts
  3 lindwurms
  4 orb spiders
  3 harpies
  23 deep trolls
  4 ironbound convokers
  5 wolf spiders
  8 deep elf pyromancers
  14 ugly things
  6 deep elf zephyrmancers
  A necromancer (Lair:5)
  2 orc knights
  An orc sorcerer (Orc:1)
  4 manticores
  3 fauns
  3 elephants
  A stone giant skeleton (Crypt:3)
  2 merfolk sirens
  A vault sentinel (Vaults:1)
  6 moths of wrath
  A guardian serpent (shapeshifter) (Depths:2)
  3 demonic crawlers
  2 black mambas
  2 torpor snails (Spider:2)
  2 dire elephant skeletons
  5 cane toads
  2 unseen horrors
  2 rime drakes
  6 yaktaurs
  2 komodo dragons
  A freezing wraith (Crypt:1)
  A swamp worm zombie (Crypt:2)
  A guardian mummy (Tomb:1)
  A tengu conjurer (Depths:1)
  A meliai (D:15)
  3 trolls
  A hellwing (Zot:5)
  2 wind drakes
  2 hornets (Lair:2)
  6 merfolk
  An ettin zombie (Depths:1)
  2 blink frogs
  8 tarantellas
  A fire dragon zombie (Tomb:1)
  11 slime creatures
  7 yaks
  5 culicivoras
  8 jumping spiders
  A centaur simulacrum (D:12)
  A flying skull (Crypt:1)
  A ynoxinul (Depths:4)
  9 redbacks
  3 vampire mosquitoes
  A chaos spawn (Depths:4)
  A neqoxec (Depths:4)
  A warg (Orc:1)
  6 water moccasins
  12 orc warriors
  A glowing shapeshifter skeleton (Crypt:3)
  An ice beast (D:12)
  A boggart (Vaults:3)
  4 wolves
  2 centaurs
  5 kobold brigands (Bailey)
  5 bullfrogs
  An earth elemental (Elf:1)
  4 wights
  4 killer bees
  2 howler monkeys (D:11)
  7 orc priests
  A hell rat (Lair:3)
  An orc wizard (Orc:2)
  An acid dragon skeleton (Crypt:3)
  A gnoll (D:7)
  3 river rats (Lair:3)
  A shadow imp (Gauntlet)
  2 white imps (D:12)
  An ufetubus (D:12)
  20 orcs
  3 kobolds
  A rat (Lair:3)
525 creatures vanquished.

Vanquished Creatures (others)
  A deep elf master archer (Elf:3)
  An iron dragon (Depths:3)
  2 yaktaur captains
  A deep elf archer (Elf:3)
  2 yaktaurs
  55 knights
  4 ancestors (D:7)
  31 fungi
  189 plants
  26 withered plants
312 creatures vanquished.

Grand Total: 2778 creatures vanquished

Notes
Turn   | Place    | Note
-------+----------+-------------------------------------------
     0 | D:1      | Lobster4 the Minotaur Hunter began the quest for the Orb.
     0 | D:1      | Reached XP level 1. HP: 18/18 MP: 0/0
    85 | D:1      | Found a faded altar of an unknown god.
   271 | D:1      | Reached skill level 1 in Stealth
   273 | D:1      | Reached XP level 2. HP: 25/25 MP: 1/1
   395 | D:1      | Reached skill level 1 in Armour
   731 | D:2      | Reached XP level 3. HP: 30/30 MP: 2/2
   799 | D:2      | Noticed Robin
   806 | D:2      | Reached skill level 5 in Ranged Weapons
   807 | D:2      | Killed Robin
  1010 | D:2      | Reached XP level 4. HP: 38/38 MP: 3/3
  1453 | D:3      | Identified the +0 short sword of the Spheres {elec, rPois
                  | rC- Int+3}
  2118 | D:4      | Reached XP level 5. HP: 45/45 MP: 4/4
  2385 | D:4      | Found a staircase to the Ecumenical Temple.
  2394 | Temple   | Entered the Ecumenical Temple
  2738 | Temple   | Became a worshipper of Hepliaklqana the Forgotten
  2927 | D:5      | Entered Level 5 of the Dungeon
  2938 | D:5      | Reached skill level 1 in Short Blades
  3021 | D:5      | Reached XP level 6. HP: 48/52 MP: 5/5
  3034 | D:5      | Noticed an orc warrior
  3535 | D:5      | Killed an orc warrior
  3536 | D:5      | Reached XP level 7. HP: 60/60 MP: 6/6
  3981 | D:6      | Reached * piety under Hepliaklqana
  4198 | D:6      | Reached skill level 5 in Fighting
  4506 | D:7      | Found a broken altar of Ashenzari.
  4512 | D:7      | Found a sacrificial altar of Ru.
  4577 | D:7      | Reached skill level 1 in Invocations
  4588 | D:7      | Reached XP level 8. HP: 61/61 MP: 6/8
  4622 | D:7      | Reached skill level 5 in Dodging
  4865 | D:7      | Reached skill level 5 in Armour
  4982 | D:7      | Found a glowing silver altar of Zin.
  6036 | D:8      | Found a flagged portal.
  6049 | D:8      | Reached XP level 9. HP: 69/69 MP: 10/10
  6061 | D:8      | Identified a scroll of acquirement
  6062 | D:8      | Acquired the +3 pair of seven-league boots {Rampage+∞}
  6062 | D:8      | Found the +3 pair of seven-league boots {Rampage+∞}
  6071 | Bailey   | Entered a bailey
  6077 | Bailey   | Reached ** piety under Hepliaklqana
  6080 | Bailey   | Remembered your ancestor Matia as a knight
  6196 | Bailey   | Noticed an orc knight
  6260 | Bailey   | Killed an orc knight
  6261 | Bailey   | Reached skill level 10 in Ranged Weapons
  6418 | Bailey   | Identified the +0 longbow "Omommy" {drain, rF+ rC+ Int+3
                  | SInv}
  6439 | Bailey   | Noticed an orc knight
  6448 | Bailey   | Killed an orc knight
  6613 | Bailey   | Found a burning altar of Makhleb.
  6856 | D:8      | Reached XP level 10. HP: 28/79 MP: 11/11
  7099 | D:8      | Identified the ring "Cufi" {rElec rF+ rN+ Will+}
  7510 | D:9      | Noticed a two-headed ogre
  7522 | D:9      | Killed a two-headed ogre
  7710 | D:9      | Noticed a two-headed ogre
  7717 | D:9      | Killed a two-headed ogre
  7953 | D:10     | Entered Level 10 of the Dungeon
  7953 | D:10     | Noticed Gastronok
  7959 | D:10     | Noticed a boulder beetle
  7962 | D:10     | Killed Gastronok
  8134 | D:10     | Killed a boulder beetle
  8290 | D:10     | Noticed Erica
  8296 | D:10     | Killed Erica
  8297 | D:10     | Reached XP level 11. HP: 89/89 MP: 12/12
  8324 | D:10     | Reached *** piety under Hepliaklqana
  8343 | D:10     | Reached skill level 10 in Fighting
  8586 | D:10     | Reached skill level 10 in Armour
  8949 | D:11     | Reached skill level 1 in Evocations
  8985 | D:11     | Found a staircase to the Orcish Mines.
  9095 | D:11     | Noticed a two-headed ogre
  9100 | D:11     | Killed a two-headed ogre
  9186 | D:11     | Found a staircase to the Lair.
  9196 | D:11     | Noticed a two-headed ogre
  9201 | D:11     | Killed a two-headed ogre
  9708 | D:12     | Noticed Frances
  9726 | D:11     | Noticed a soul eater
  9726 | D:11     | Killed Frances
  9853 | D:12     | Found the +9 staff of Olgreb {rPois∞}
  9863 | D:12     | Found a runed translucent gate.
  9863 | D:12     | Found a runed translucent gate.
  9863 | D:12     | Noticed a wolf spider
  9863 | D:12     | Noticed a wolf spider
  9864 | D:12     | Found a runed translucent door.
  9878 | D:12     | Found a runed translucent gate.
  9883 | D:12     | Noticed a skeletal warrior
  9887 | D:12     | Noticed a skeletal warrior
  9889 | D:12     | Noticed a skeletal warrior
  9890 | D:12     | Noticed a skeletal warrior
 10270 | Orc:1    | Entered Level 1 of the Orcish Mines
 10272 | Orc:1    | Noticed an orc knight
 10280 | D:11     | Reached skill level 15 in Ranged Weapons
 10307 | Lair:1   | Entered Level 1 of the Lair of Beasts
 10319 | Lair:1   | Reached XP level 12. HP: 99/99 MP: 13/13
 11048 | Lair:2   | Found a hole to the Spider Nest.
 11401 | Lair:2   | Reached **** piety under Hepliaklqana
 11487 | Lair:2   | Noticed a five-headed hydra
 11492 | Lair:2   | Killed a five-headed hydra
 11921 | Lair:2   | Identified the +1 scale mail "Ylaturcha" {rF+}
 11965 | Lair:2   | Reached skill level 1 in Long Blades
 12309 | Lair:2   | Reached XP level 13. HP: 101/109 MP: 14/14
 12342 | Lair:2   | Identified the amulet of Scepticism {Acrobat Regen+ Int+4}
 12691 | Lair:3   | Found a staircase to the Shoals.
 13024 | Lair:3   | Reached ***** piety under Hepliaklqana
 13511 | Lair:3   | Noticed Nessos
 13514 | Lair:3   | Killed Nessos
 14271 | Lair:4   | Found a viscous altar of Jiyva.
 14272 | Lair:4   | Found a staircase to the Slime Pits.
 14935 | Lair:5   | Entered Level 5 of the Lair of Beasts
 14935 | Lair:5   | Noticed Rupert
 14985 | Lair:5   | Killed Rupert
 15574 | Lair:5   | Reached XP level 14. HP: 119/119 MP: 15/15
 15623 | Lair:5   | HP: 3/119 [dire elephant (11)]
 16508 | Lair:5   | Reached skill level 15 in Fighting
 17903 | Orc:2    | Entered Level 2 of the Orcish Mines
 17962 | Orc:2    | Found a gate leading to a gauntlet.
 17974 | Gauntlet | Entered a Gauntlet
 17974 | Gauntlet | Found a transporter.
 17974 | Gauntlet | Found a transporter.
 17975 | Gauntlet | Found a transporter.
 17976 | Gauntlet | Found a transporter.
 17976 | Gauntlet | Found a transporter.
 17979 | Gauntlet | Found a transporter.
 17987 | Gauntlet | Found a transporter.
 17988 | Gauntlet | Found a transporter.
 17990 | Gauntlet | Found a transporter.
 17990 | Gauntlet | Found a large runed translucent door.
 17991 | Gauntlet | Found a large runed translucent door.
 17992 | Gauntlet | Found a large runed translucent door.
 17992 | Gauntlet | Found a large runed translucent door.
 17992 | Gauntlet | Found a runed translucent door.
 17993 | Gauntlet | Found a large runed translucent door.
 17994 | Gauntlet | Found a large runed translucent door.
 17995 | Gauntlet | Found a large runed translucent door.
 17995 | Gauntlet | Found a large runed translucent door.
 17996 | Gauntlet | Found a runed translucent gate.
 17996 | Gauntlet | Found a runed translucent gate.
 17998 | Gauntlet | Found a transporter.
 17998 | Gauntlet | Found a transporter.
 18008 | Gauntlet | Found a runed translucent gate.
 18009 | Gauntlet | Found a large runed translucent door.
 18009 | Gauntlet | Found a large runed translucent door.
 18010 | Gauntlet | Found a large runed translucent door.
 18011 | Gauntlet | Found a large runed translucent door.
 18020 | Gauntlet | Found a large runed translucent door.
 18020 | Gauntlet | Found a large runed translucent door.
 18020 | Gauntlet | Found a runed translucent door.
 18021 | Gauntlet | Found a large runed translucent door.
 18022 | Gauntlet | Found a large runed translucent door.
 18027 | Gauntlet | Found a transporter.
 18236 | Gauntlet | Identified the +0 cloak of Zattorchi {rElec Regen+ Int+6
                  | Dex+2}
 18398 | Gauntlet | Identified the ring "Enkawni" {rElec Will+ Int+2}
 18483 | Orc:2    | Found a staircase to the Elven Halls.
 18592 | Orc:2    | Reached ****** piety under Hepliaklqana
 18965 | Orc:2    | Found Kougrisa's Assorted Antiques.
 18968 | Orc:2    | Found Ychuir's Armour Shop.
 18969 | Orc:2    | Found Dyupn's Weapon Shop.
 18970 | Orc:2    | Found Ryshrusell's General Store.
 18977 | Orc:2    | Bought a scroll labelled HUIFIT FOER for 27 gold pieces
 19174 | Orc:1    | Reached XP level 15. HP: 82/128 MP: 17/17
 19297 | Orc:1    | Found a burning altar of Makhleb.
 19773 | D:12     | Noticed Erolcha
 19779 | D:12     | Killed Erolcha
 19849 | D:12     | Found a runed translucent door.
 20131 | D:13     | Noticed Snorg
 20139 | D:13     | Killed Snorg
 20418 | D:14     | Reached skill level 5 in Invocations
 20713 | D:14     | Reached skill level 1 in Spellcasting
 20875 | D:14     | Found a gate to the Vaults.
 21122 | D:14     | Found a portal to a secret trove of treasure.
 21226 | D:15     | Entered Level 15 of the Dungeon
 21240 | D:15     | HP: 2/129 [yaktaur/bolt (14)]
 21417 | D:15     | Identified the +9 dagger of Kismet {speed, rElec rF- Int-4
                  | Dex+9}
 21510 | D:15     | Noticed Jorgrun
 21517 | D:15     | Killed Jorgrun
 21932 | D:15     | Found a staircase to the Depths.
 22022 | D:15     | Found a glowing golden altar of the Shining One.
 22039 | D:15     | Reached XP level 16. HP: 136/136 MP: 19/19
 22248 | Spider:1 | Entered Level 1 of the Spider Nest
 22438 | Spider:1 | Noticed Aizul
 22454 | Spider:1 | Killed Aizul
 22991 | Spider:1 | Identified the +7 short sword of the Puckish God {spect,
                  | rPois rC+ Str-5 Dex+4}
 23007 | Spider:1 | Reached skill level 15 in Armour
 23015 | Spider:1 | Reached skill level 10 in Dodging
 24652 | Spider:3 | Reached XP level 17. HP: 71/146 MP: 21/21
 25810 | D:14     | You paid a toll of 4 scrolls of fog to enter a treasure
                  | trove
 25811 | Trove    | Entered a treasure trove
 25829 | Trove    | Identified the +0 helmet "Voppout" {rElec rPois rC- Str+3}
 25843 | Trove    | Identified the +8 tower shield "Dumun" {Str+6 Dex-4}
 25846 | Trove    | Identified the +0 buckler of the Salmon {rPois Str+4 Int-4
                  | Dex+3}
 25871 | Trove    | Identified the +0 pair of gloves of Good Intentions {Str+5}
 25872 | Trove    | Identified the +1 pair of gloves of Ehusmeo {-Tele rElec
                  | rF+ SInv}
 25896 | Trove    | Identified the +0 pair of boots "Ihixaod" {Regen+ Str+4}
 26290 | Spider:4 | Entered Level 4 of the Spider Nest
 26718 | Spider:4 | Noticed Mara
 26720 | Spider:4 | Noticed Lobster4's illusion
 26853 | Spider:4 | Noticed Lobster4's illusion
 26868 | Spider:4 | Noticed Lobster4's illusion
 27760 | Spider:4 | Identified the +3 pair of boots of Kuuroler {rF- rC++ Str+8
                  | Dex+2}
 27794 | Spider:4 | Got a gossamer rune of Zot
 27984 | Spider:4 | Noticed Lobster4's illusion
 28373 | Shoals:1 | Entered Level 1 of the Shoals
 28751 | Shoals:1 | Noticed Josephine
 28755 | Shoals:1 | Killed Josephine
 29431 | Shoals:2 | Found Kody's Weapon Shoppe.
 29493 | Shoals:2 | Reached XP level 18. HP: 113/158 MP: 22/22
 29599 | Shoals:2 | Found Casufoac's Armour Emporium.
 29865 | Shoals:2 | Found Asekaurgh's Jewellery Shop.
 30495 | Shoals:3 | Found Rinoming's Distillery.
 30981 | Shoals:4 | Entered Level 4 of the Shoals
 32507 | Shoals:4 | Got a barnacled rune of Zot
 33112 | Elf:1    | Entered Level 1 of the Elven Halls
 33112 | Elf:1    | Found a runed translucent gate.
 33112 | Elf:1    | Found a runed translucent gate.
 33112 | Elf:1    | Found a runed translucent gate.
 33112 | Elf:1    | Found a runed translucent gate.
 33112 | Elf:1    | Found a runed translucent gate.
 33112 | Elf:1    | Found a runed translucent gate.
 33113 | Elf:1    | Found a runed translucent door.
 33232 | Elf:1    | Found a runed translucent door.
 33946 | Elf:1    | Found Nizakhlar's Armour Shoppe.
 34755 | Elf:2    | Reached XP level 19. HP: 168/169 MP: 24/24
 34819 | Elf:2    | Found a runed translucent gate.
 34826 | Elf:2    | Found a runed translucent gate.
 34826 | Elf:2    | Found a runed translucent gate.
 35069 | Elf:2    | Noticed a Brimstone Fiend
 35128 | Elf:2    | Got the Secrets of Command
 35701 | Elf:3    | Entered Level 3 of the Elven Halls
 35825 | Elf:3    | Found Wuoxt's Distillery.
 35956 | Elf:3    | Acquired the +3 hat of Tenacity {rElec Str-2 SInv}
 36072 | Elf:3    | Reached skill level 27 in Ranged Weapons
 36073 | Elf:3    | Noticed Bai Suzhen
 36080 | Elf:3    | Killed Bai Suzhen
 36297 | Elf:3    | Identified the +11 long sword of the Bashing Gods {freeze,
                  | *Rage rPois Dex-2 SInv}
 37026 | Elf:3    | Identified the +8 chain mail of Zin, Mashing {Stlth+}
 37196 | Elf:3    | Identified the +1 whip of Chaos {flame, rCorr}
 37712 | Elf:3    | Identified the +2 pair of gloves of Ignis's Delight {Fly
                  | rC++}
 37828 | Elf:3    | Identified the +1 scale mail of Burning the Good {rPois
                  | Int+3}
 38936 | Vaults:1 | Entered Level 1 of the Vaults
 38982 | Vaults:1 | Reached XP level 20. HP: 181/181 MP: 25/25
 39067 | Vaults:1 | Found Roixiziy's Antique Armour Shop.
 39399 | Vaults:1 | Identified the ring "Heedaxku" {rF+ Int+6 SInv}
 39582 | Vaults:1 | Found Vupis's Distillery.
 39586 | Vaults:1 | Found Peotsum's General Store.
 39886 | Vaults:1 | Identified the +6 giant club "Kat Magh" {antimagic, rPois
                  | rF+ rN+ Str+4}
 40567 | Vaults:1 | Bought a potion of magic for 112 gold pieces
 40567 | Vaults:1 | Bought a scroll of summoning for 133 gold pieces
 41368 | Vaults:2 | Identified the +6 halberd "Ecum" {flame, Contam rElec Str+4
                  | Dex+3}
 41400 | Vaults:2 | Found Venal's Weapon Shop.
 42129 | Vaults:2 | Reached XP level 21. HP: 193/193 MP: 26/26
 42500 | Vaults:3 | Noticed Boris
 42507 | Vaults:3 | Killed Boris
 42822 | Vaults:3 | Found a gateway to a bazaar.
 42843 | Bazaar   | Entered a bazaar
 42856 | Bazaar   | Found Toch's Antique Weapon Emporium.
 42868 | Bazaar   | Found Guvvuaw's Antique Weapon Shoppe.
 42873 | Bazaar   | Bought a polished shortbow for 176 gold pieces
 42873 | Bazaar   | Identified the +4 shortbow of Karma {elec, rC+} (You bought
                  | it in a shop in a bazaar)
 42883 | Bazaar   | Found Juunib's Antique Armour Shoppe.
 42889 | Bazaar   | Bought a steaming chain mail for 313 gold pieces
 42889 | Bazaar   | Identified the +1 chain mail of Watchfulness {rElec Stlth+}
                  | (You bought it in a shop in a bazaar)
 42895 | Bazaar   | Found Ilicheps's Antique Armour Emporium.
 42900 | Bazaar   | Bought a translucent ring mail for 189 gold pieces
 42900 | Bazaar   | Identified the +3 ring mail of Understanding {rC++} (You
                  | bought it in a shop in a bazaar)
 42900 | Bazaar   | Bought a runed scale mail for 147 gold pieces
 42957 | Vaults:3 | Found a staircase to the Crypt.
 43306 | Vaults:3 | Got the Dissertation on Cleavage
 43419 | Vaults:3 | Noticed Margery
 43424 | Vaults:3 | Killed Margery
 44164 | Vaults:4 | Found a flickering gateway to a bazaar.
 44175 | Bazaar   | Entered a bazaar
 44189 | Bazaar   | Found Xuwnerio's Armour Shoppe.
 44205 | Bazaar   | Found Payzaqed's Weapon Shoppe.
 44221 | Bazaar   | Found Hoiheidicw's Antique Armour Shoppe.
 44237 | Bazaar   | Found Otishrei's General Store.
 44237 | Bazaar   | Found Gidi Sig's Armour Shoppe.
 44242 | Bazaar   | Bought a scroll of teleportation for 48 gold pieces
 44242 | Bazaar   | Bought a scroll of blinking for 120 gold pieces
 44242 | Bazaar   | Bought a potion of lignification for 48 gold pieces
 44242 | Bazaar   | Bought a potion of lignification for 48 gold pieces
 44506 | Vaults:4 | Reached skill level 27 in Fighting
 45034 | Vaults:4 | Identified the +1 robe of Zin's Generosity {rC+ rN+++ Int-2
                  | Archmagi}
 45035 | Vaults:4 | Identified the +1 pair of boots "Ummegoeg" {rCorr Dex+3
                  | Stlth-}
 45100 | Vaults:4 | Noticed Mennas
 45126 | Vaults:4 | Killed Mennas
 45719 | Crypt:1  | Entered Level 1 of the Crypt
 45804 | Crypt:1  | Reached XP level 22. HP: 209/209 MP: 27/27
 46553 | Crypt:2  | Noticed Saint Roka
 46643 | Crypt:2  | Noticed Vv
 46656 | Crypt:2  | Killed Vv
 46788 | Crypt:2  | Reached skill level 10 in Invocations
 47134 | Crypt:2  | Killed Saint Roka
 47374 | Crypt:2  | Noticed an ancient lich
 47381 | Crypt:2  | Killed an ancient lich
 47497 | Crypt:2  | Identified the ring "Ymol" {Drain rN+ Int+2 Dex+6}
 47520 | Crypt:2  | Found the +3 Elemental Staff {rElec rF++ rC++ AC+5}
 47652 | Crypt:3  | Entered Level 3 of the Crypt
 47964 | Crypt:3  | Identified the +9 rapier of Responsibility {freeze, Dex+2}
 48399 | Crypt:3  | Noticed a dread lich
 48406 | Crypt:3  | Killed a dread lich
 48524 | Crypt:3  | Found the +4 dagger "Morg" {pain, Will+ Int+5}
 48528 | Crypt:3  | Identified the amulet of Sotihom {Regen+ rCorr}
 48528 | Crypt:3  | Identified the ring "Roqo" {rN+ Stlth+}
 48528 | Crypt:3  | Identified the ring "Kusip" {rN+ Int+2}
 48551 | Crypt:3  | Identified the +3 hand axe of the Lair of Beasts {flame,
                  | Int+3}
 48555 | Crypt:3  | Got the Octavo of Numb Coordinates
 48697 | Crypt:3  | Reached skill level 15 in Invocations
 48926 | Crypt:3  | Reached XP level 23. HP: 208/216 MP: 33/33
 49180 | Crypt:3  | Found a staircase to the Tomb.
 49521 | Depths:1 | Entered Level 1 of the Depths
 49521 | Depths:1 | Found a one-way gate leading to the halls of Pandemonium.
 50060 | Depths:1 | Found a glowing golden altar of the Shining One.
 50061 | Depths:1 | Found a runed translucent door.
 50082 | Depths:1 | Found a gateway to Hell.
 50486 | Depths:2 | Found a gateway to a bazaar.
 50513 | Bazaar   | Entered a bazaar
 50529 | Bazaar   | Found Giwiho's Antique Weapon Shoppe.
 50530 | Bazaar   | Found Ejurghifo's Armour Shoppe.
 50570 | Bazaar   | Found Netil's Jewellery Emporium.
 50570 | Bazaar   | Found Quskun's Assorted Antiques.
 50578 | Bazaar   | Bought the ring "Hufygay" {rElec rPois Str-5 Int+4} for 382
                  | gold pieces
 50629 | Bazaar   | Bought a scroll of blinking for 240 gold pieces
 50629 | Bazaar   | Bought a scroll of teleportation for 96 gold pieces
 50709 | Depths:2 | Found a sacrificial altar of Ru.
 51860 | Depths:3 | Found a one-way gate to the infinite horrors of the Abyss.
 52290 | Depths:3 | Reached XP level 24. HP: 141/224 MP: 34/34
 53235 | Depths:4 | Entered Level 4 of the Depths
 53242 | Depths:4 | Noticed Jory
 53251 | Depths:4 | Killed Jory
 53358 | Depths:4 | Found a one-way gateway to a ziggurat.
 53411 | Depths:4 | Noticed Parghit
 53418 | Depths:4 | Killed Parghit
 53451 | Depths:4 | Noticed a juggernaut
 53457 | Depths:4 | Killed a juggernaut
 53489 | Depths:4 | Reached skill level 27 in Armour
 53652 | Depths:4 | Noticed Grunn
 53664 | Depths:4 | Killed Grunn
 53792 | Depths:4 | Found a radiant altar of Vehumet.
 54700 | Depths:4 | Found a gate to the Realm of Zot.
 55242 | Tomb:1   | Entered Level 1 of the Tomb of the Ancients
 55667 | Tomb:1   | Paralysed by a sphinx for 5 turns
 57311 | Tomb:1   | Identified the +0 short sword of Weguejyl {holy, rC++}
 57645 | Vaults:5 | Entered Level 5 of the Vaults
 57940 | Vaults:5 | Reached XP level 25. HP: 194/230 MP: 36/36
 58517 | Vaults:5 | Identified the +8 long sword "Paduxef" {heavy, rN+}
 58619 | Vaults:5 | Got a silver rune of Zot
 58669 | Vaults:5 | Identified the +9 whip of the Unspeakable One {heavy, rF+++
                  | rC++ rCorr Int-4}
 58780 | Vaults:5 | Reached skill level 15 in Dodging
 58858 | Vaults:5 | Identified the +9 lajatang of Success {freeze, Will++}
 58885 | Vaults:5 | Noticed Boris
 58893 | Vaults:5 | Killed Boris
 58931 | Vaults:5 | Noticed Xtahua
 59156 | Vaults:4 | Killed Xtahua
 59494 | Vaults:5 | Found Nicakiq's Distillery.
 59495 | Vaults:5 | Found Bamautto's Jewellery Shoppe.
 59516 | Vaults:5 | Bought a potion of haste for 120 gold pieces
 59516 | Vaults:5 | Bought 2 potions of heal wounds for 120 gold pieces
 59516 | Vaults:5 | Bought a potion of heal wounds for 60 gold pieces
 59851 | Vaults:5 | Identified the +2 cloak of Cuathaom {Str+5}
 60174 | Zot:1    | Entered Level 1 of the Realm of Zot
 62049 | Zot:2    | Reached XP level 26. HP: 229/239 MP: 37/37
 62744 | Zot:3    | Found a transporter.
 62782 | Zot:3    | You are sucked into a shaft and drop 1 floor!
 62798 | Zot:3    | Found a transporter.
 62944 | Zot:3    | Found a runed translucent door.
 62944 | Zot:3    | Noticed experimilk's ghost (veteran DrCj)
 63472 | Zot:3    | Killed experimilk's ghost
 64451 | Zot:4    | Identified the -1 cloak "Feq Zidgh" {rCorr Int+2}
 64699 | Zot:5    | Entered Level 5 of the Realm of Zot
 64768 | Zot:5    | Found a large runed translucent door.
 64768 | Zot:5    | Found a large runed translucent door.
 64770 | Zot:5    | Noticed jejorda2's ghost (legendary MfBe)
 64795 | Zot:5    | Found the +4 dragonskin cloak
 64795 | Zot:5    | Noticed Tiamat
 64818 | Zot:5    | Killed Tiamat
 65673 | Zot:5    | Noticed an ancient lich
 65680 | Zot:5    | Killed an ancient lich
 65916 | Zot:5    | Noticed an ancient lich
 65922 | Zot:5    | Killed an ancient lich
 66201 | Zot:5    | Noticed an orb of fire
 66206 | Zot:5    | Noticed an ancient lich
 66207 | Zot:5    | Killed an orb of fire
 66208 | Zot:5    | Reached XP level 27. HP: 203/245 MP: 20/38
 66211 | Zot:5    | Killed an ancient lich
 66740 | Zot:5    | Noticed a dread lich
 66742 | Zot:5    | Paralysed by a dread lich for 3 turns
 66748 | Zot:5    | Killed a dread lich
 66773 | Zot:5    | Noticed a dread lich
 66773 | Zot:5    | Noticed a dread lich
 66773 | Zot:5    | Noticed an orb of fire
 66775 | Zot:5    | Gained mutation: Armour fits poorly on your strangely
                  | shaped body. [an orb of fire]
 66965 | Zot:5    | Killed a dread lich
 66980 | Zot:5    | Killed an orb of fire
 67180 | Zot:5    | Noticed a dread lich
 67192 | Zot:5    | Killed a dread lich
 67482 | Zot:5    | Killed a dread lich
 67644 | Zot:5    | Got the Orb of Zot
 67745 | Zot:4    | Noticed an ancient lich
 67747 | Zot:4    | Noticed Tiycam the pandemonium lord
 67755 | Zot:4    | Killed Tiycam the pandemonium lord
 67761 | Zot:4    | Killed an ancient lich
 68223 | D:8      | Noticed Tiott the pandemonium lord
 68480 | D:$      | Escaped with the Orb!

Illustrated notes

Levels and vault maps discovered:
D:1:      saegor_arrival_simple_c, layout_basic, ebering_ecumenical_altar_ruins,
          minmay_misc_feat_secret_circle
D:2:      layout_loops_ring, uniq_robin
D:3:      layout_loops_ring, kennysheep_nondescript,
          amcnicky_mini_corridor_feature, chequers_serial_rivers_small_b
D:4:      layout_cave_pools, minmay_temple_entry_fiery,
          hangedman_decor_riveting, kennysheep_generic_room_8
D:5:      layout_basic, guppyfry_early_orc_mine
D:6:      layout_cave_pods
D:7:      layout_basic, mainiacjoe_overflow_catwalk_spiral, zin_statuary,
          serial_park_tiny_pond
D:8:      layout_basic, enter_bailey_2
D:9:      layout_loops_cross
D:10:     layout_long_grid, wad_floor_pattern_untrapped, uniq_gastronok,
          uniq_erica
D:11:     layout_roguey, erik_lair_orcish_takeover, david_orc_5
D:12:     layout_rooms, serial_ice, serial_ice_h, serial_ice_g, serial_ice_k,
          serial_ice_b, minmay_guarded_unrand_staff_of_olgreb, uniq_frances,
          uniq_erolcha
D:13:     layout_rooms, uniq_snorg
D:14:     layout_long_grid, lightli_vaults_fourway_checkpoint, enter_trove_2,
          kennysheep_boxes
D:15:     grunt_enter_depths_hoard, layout_cave_pools,
          nicolae_tso_carved_into_rock, nicolae_looking_at_the_future,
          uniq_jorgrun
Temple:   compressed_dpeg_triangle_lava_temple
Lair:1:   layout_gridlike
Lair:2:   cheibrodos_lair_overgrown_chateau, layout_regular_city,
          hellmonk_spider_entry_not_the_bees, st_stairs_11,
          infiniplex_staircase_pool_2
Lair:3:   cheibrodos_lair_river_kwai, layout_regular_city, shoals_dummy_entry,
          kennysheep_abandoned_house, lemuel_fruit_fields, uniq_nessos
Lair:4:   layout_cave_pods, slime_entry_1
Lair:5:   due_jungle_book, layout_small_grid, serial_bayou_lake_a, uniq_rupert
Shoals:1: layout_shoals, uniq_josephine
Shoals:2: layout_shoals, serial_shops, shop, shop, nicolae_lakefront_shop
Shoals:3: layout_shoals, serial_shops, shop_statue
Shoals:4: shoals_end_hellmonk_lost_city
Spider:1: layout_cave_pods, hangedman_spider_tarantella_strand, uniq_aizul
Spider:2: nicolae_spider_jumping_over_cracks
          [nicolae_spider_jumping_sub_shuffled,
          nicolae_spider_jumping_sub_pools, nicolae_spider_jumping_sub_grid,
          nicolae_spider_jumping_sub_pools]
Spider:3: layout_cave_pods, nicolae_spider_rock_and_or_roll
Spider:4: grunt_spider_rune_circles, uniq_mara
Orc:1:    layout_caves, david_defended_altar_orc
Orc:2:    st_orc_pillars, layout_diamond_mine, gauntlet_entry_generic,
          small_statue_alley_c
Elf:1:    nicolae_elf_arrival_dilemma, layout_loops_ring, serial_shops, shop,
          evilmike_minifort
Elf:2:    nicolae_elf_blades_crystal_corner, layout_gridlike,
          minmay_elf_demonology
Elf:3:    minmay_elf_hall_dome, layout_gridlike, serial_shops, shop,
          uniq_bai_suzhen
Vaults:1: vaults_standard_mumra_x, v_rooms_5, v_misc_23,
          nicolae_vaults_rhombus_5, vaults_room_grid, st_cells,
          nicolae_vaults_little_ls, nicolae_vaults_windows_and_doors_thing,
          grunt_vaults_funnel, layout_vaults_omnigrid, serial_shops, shop,
          nicolae_shop_trees, nicolae_shop_behind_doors
Vaults:2: nicolae_vaults_little_squares_3, v_misc_27, st_eye, vaults_mumra_hex,
          nicolae_vaults_asterisk, hangedman_vaults_capsules, vaults_room_pool,
          hangedman_vaults_trim, hangedman_vaults_stitches,
          layout_vaults_omnicross, serial_shops, nicolae_shop_crystal
Vaults:3: v_misc_30, nicolae_vaults_display_case, ontoclasm_vaults_misaligned,
          v_alt_pattern_4, nicolae_vaults_network_periphery,
          ontoclasm_vaults_fault, ontoclasm_vaults_chip, v_misc_13,
          minmay_crypt_entry_nasty_monster, dpeg_vaults_monster_box,
          nicolae_vaults_little_squares_6, nicolae_vaults_specimen_jars,
          grunt_vaults_focal, vaults_room_pool, layout_vaults_big_room,
          serial_shops, bzr_entry_lakeside, uniq_margery, uniq_boris
Vaults:4: nicolae_vaults_asterisk, hangedman_vaults_cutoff,
          nicolae_vaults_twisting_passages, vaults_room_pools,
          hangedman_vaults_trim, grunt_vaults_swirl, v_misc_19,
          vaults_dpeg_doors, vaults_mumra_chevron_long, grunt_vaults_trifunnel,
          ontoclasm_vaults_ligature, vaults_room_fours, layout_vaults_maze,
          serial_shops, bzr_entry_dummy, uniq_mennas
Vaults:5: uniq_xtahua
Crypt:1:  layout_gridlike
Crypt:2:  layout_chaotic_city, chequers_big_river, lemuel_dead_fish_pool,
          weyrava_lich_vault, uniq_saint_roka, uniq_vv
Crypt:3:  due_elkab, layout_chaotic_city, tomb_entry_shell_bobbens
Tomb:1
Depths:1: layout_cave_pools, pan_entry, hell_entry, kennysheep_crisscross,
          nicolae_concentric_dashed_squares_mild, minmay_misc_feat_tiny,
          drop_trap, serial_bayou_lagoon_a, roderic_lattice_a,
          lemuel_angel_altar
Depths:2: evilmike_marble_ring, layout_basic, hell_entry, hangedman_ru_absence,
          serial_shops, bzr_entry_water, rand_demon_pan_entry_1,
          infiniplex_staircase_9_rooms
Depths:3: nzn_winding_woodlands_huge [nzn_winding_woodlands_5x15_parted,
          nzn_winding_woodlands_5x15_pockets,
          nzn_winding_woodlands_5x15_river_crossing,
          nzn_winding_woodlands_5x15_concentric,
          nzn_winding_woodlands_5x15_pool, nzn_winding_woodlands_5x15_twine,
          nzn_winding_woodlands_5x15_garden, nzn_winding_woodlands_5x15_jagged,
          nzn_winding_woodlands_5x15_longhouse,
          nzn_winding_woodlands_5x15_crooked,
          nzn_winding_woodlands_center_pierced_h,
          nzn_winding_woodlands_center_triple_pond,
          nzn_winding_woodlands_15x15_thick_spiral], layout_long_grid,
          pf_vacation_house_of_asmodeus, chequers_serial_rivers_large_b,
          abyss_entry
Depths:4: evilmike_zot_entry_basic, layout_cave_shapes, enter_ziggurat_e,
          nicolae_vehumet_radiance, hell_entry, grunt_pan_entry_spiral,
          abandoned_shop, uniq_parghit, uniq_grunn, uniq_jory
Zot:1:    layout_gridlike
Zot:2:    cheibrodos_zot_enchanting_chambers, layout_misc_corridors
Zot:3:    gammafunk_sealed_arena, layout_twisted_circle, gammafunk_ghost_grave
Zot:4:    layout_twisted_circle, st_small_dragon_hoard_4
Zot:5:    layout_cellular_growth, ebering_ghost_disaster_area, uniq_tiamat

Skill      XL: |  1  2  3  4  5  6  7  8  9 10 11 12 13 14 15 16 17 18 19 20 21 22 23 24 25 26 27 |
---------------+----------------------------------------------------------------------------------+-----
Stealth        | 1 |  1.0
Armour         | 1 2 3 4 5 7 9 10 12 13 14 15 17 20 21 24 26 27 | 27.0
Ranged Weapons | 5 6 7 9 11 13 15 17 19 20 21 22 24 26 27 | 27.0
Fighting       | 3 4 5 6 8 9 11 13 14 15 16 17 19 20 22 24 27 | 27.0
Dodging        | 3 4 6 7 9 10 12 13 17 20 22 | 22.5
Short Blades   | 1 |  1.0
Invocations    | 1 3 4 6 7 8 15 17 20 22 24 25 | 25.5
Evocations     | 3 |  3.0
Long Blades    | 2 |  2.8
Spellcasting   | 2 |  2.0

Action                   |  1- 3 |  4- 6 |  7- 9 | 10-12 | 13-15 | 16-18 | 19-21 | 22-24 | 25-27 || total
-------------------------+-------+-------+-------+-------+-------+-------+-------+-------+-------++-------
Melee: Longbow           |       |       |       |       |       |     6 |       |       |       ||     6
       Headbutt          |       |       |       |       |       |     3 |       |       |       ||     3
 Fire: Shortbow          |   109 |   187 |   315 |       |       |       |       |       |       ||   611
       Longbow           |       |       |    21 |   584 |  1051 |  1402 |  1141 |  1371 |  1077 ||  6647
Invok: Ancestor Life: Kn |       |       |     1 |       |       |       |       |       |       ||     1
       Recall Ancestor   |       |       |       |     4 |     3 |     2 |     4 |     3 |    10 ||    26
       Idealise          |       |       |       |       |       |       |       |       |     1 ||     1
Evoke: Box of beasts     |       |       |       |       |     1 |     1 |       |       |       ||     2
       Wand              |       |       |       |       |     1 |       |       |       |     1 ||     2
       Phial of floods   |       |       |       |       |     1 |       |       |       |       ||     1
       Phantom mirror    |       |       |       |       |       |     1 |       |       |       ||     1
  Use: Scroll            |       |     5 |     4 |    10 |    15 |    13 |     4 |    10 |     9 ||    70
       Potion            |       |     2 |     4 |     2 |     2 |     6 |       |       |     1 ||    17
Armor: Leather armour    |     8 |    34 |     7 |       |       |       |       |       |       ||    49
       Ring mail         |       |       |    24 |    45 |       |       |       |       |       ||    69
       Scale mail        |       |       |       |     4 |   153 |   252 |    11 |       |       ||   420
       Fire dragon scale |       |       |       |       |       |       |   136 |   171 |   107 ||   414
Dodge: Dodged            |    31 |    53 |    71 |   142 |   206 |   441 |   224 |   314 |   376 ||  1858
Block: Other             |       |       |    13 |    38 |    77 |   113 |    55 |    86 |    49 ||   431
       Reflection        |       |       |     4 |     5 |    11 |    11 |    13 |     4 |     6 ||    54

Table legend: (Time is in decaauts)
 A = Elapsed time spent in this place.
 B = Non-inter-level travel time spent in this place.
 C = Inter-level travel time spent in this place.
 D = Time resting spent in this place.
 E = Time spent auto-exploring this place.
 F = Levels seen in this place.
 G = Mean time per level.
                   A        B        C        D        E       F      G
               +--------+--------+--------+--------+--------+-----+--------+
         Total |  68699 |  62706 |   5993 |  15293 |  34907 |  58 | 1184.5 |
       Dungeon |  13688 |  11733 |   1955 |   1347 |   7948 |  15 |  912.5 |
        Temple |    351 |    345 |      6 |      0 |    293 |   1 |  351.0 |
          Lair |   7522 |   6962 |    560 |   1982 |   3922 |   5 | 1504.4 |
        Shoals |   4619 |   4421 |    198 |   1105 |   2530 |   4 | 1154.8 |
   Spider Nest |   5574 |   5129 |    445 |   1485 |   2472 |   4 | 1393.5 |
  Orcish Mines |   1479 |   1258 |    221 |     62 |    788 |   2 |  739.5 |
   Elven Halls |   5395 |   4955 |    440 |   1660 |   2351 |   3 | 1798.3 |
        Vaults |   9271 |   8584 |    687 |   2027 |   5188 |   5 | 1854.2 |
         Crypt |   3831 |   3471 |    360 |    427 |   2200 |   3 | 1277.0 |
          Tomb |   2230 |   2100 |    130 |   1420 |    479 |   1 | 2230.0 |
        Depths |   5739 |   5195 |    544 |   1243 |   2948 |   4 | 1434.8 |
           Zot |   7507 |   7065 |    442 |   2106 |   3342 |   5 | 1501.4 |
        Bazaar |    285 |    285 |      0 |      0 |    231 |   3 |   95.0 |
         Trove |    141 |    141 |      0 |      0 |      0 |   1 |  141.0 |
        Bailey |    571 |    571 |      0 |    324 |     91 |   1 |  571.0 |
      Gauntlet |    488 |    488 |      0 |    103 |    122 |   1 |  488.0 |
               +--------+--------+--------+--------+--------+-----+--------+

Top non-repeatable levels by time:
   Zot:5: 3030 daAuts
  Lair:5: 2292 daAuts
  Tomb:1: 2230 daAuts
Depths:3: 2155 daAuts
Vaults:2: 1991 daAuts
Vaults:4: 1981 daAuts
Vaults:3: 1931 daAuts
Spider:4: 1908 daAuts
   Elf:2: 1903 daAuts
  Lair:2: 1844 daAuts
   Elf:1: 1789 daAuts
 Crypt:3: 1756 daAuts
   Elf:3: 1703 daAuts
Vaults:1: 1687 daAuts
Vaults:5: 1681 daAuts
